 Dungeon Crawl Stone Soup version 0.30.1-10-g1249ef9ec4 (webtiles) character file.

Game seed: 6364161208780335722

131 lonewolfV2 the Covered (level 4, -2/35 HPs)
             Began as a Demonspawn Fighter on Oct 27, 2023.
             Slain by a scorpion (3 damage)
             ... on level 3 of the Dungeon.
             The game lasted 00:02:48 (1643 turns).

lonewolfV2 the Covered (Demonspawn Fighter)         Turns: 1643, Time: 00:02:49

Health: -2/35      AC:  6    Str: 24    XL:     4   Next: 91%
Magic:  4/4        EV: 11    Int: 10    God:
Gold:   136        SH:  4    Dex: 12    Spells: 3/3 levels left

rFire   . . .        a - +1 war axe
rCold   . . .        c - +0 buckler
rNeg    . . .        b - +0 scale mail
rPois   .            (helmet restricted)
rElec   .            (no cloak)
rCorr   .            (no gloves)
SInv    .            (no boots)
Will    .....        (no amulet) Stlth
                     g - +6 ring of strength
HPRegen 0.25/turn    j - ring of flight
MPRegen 0.18/turn

%: no passive effects
@: lethally poisoned (-2 -> -10), flying
A: antennae 1, magic regeneration
a: no special abilities


You were on level 3 of the Dungeon.
You visited 1 branch of the dungeon, and saw 3 of its levels.

You collected 136 gold pieces.

Inventory:

Hand Weapons
 a - a +1 war axe (weapon)
Armour
 b - a +0 scale mail (worn)
 c - a +0 buckler (worn)
Jewellery
 g - a +6 ring of strength (left hand)
 j - a ring of flight (right hand)
 l - a +6 ring of intelligence
Scrolls
 f - a scroll of magic mapping {unknown}
 h - a scroll of noise {unknown}
 k - a scroll of amnesia
Potions
 d - a potion of might
 e - a potion of resistance {unknown}
 i - a potion of lignification
 m - a potion of flight {unknown}
 n - a potion of haste {unknown}
 q - a potion of heal wounds {unknown}


   Skills:
 - Level 3.0 Fighting
 - Level 1.7 Axes
 + Level 3.6 Armour
 * Level 3.3 Dodging
 - Level 2.6 Shields


You had 3 spell levels left.
You didn't know any spells.
Your spell library contained the following spells:

 Spells                   Type           Power      Damage    Failure   Level
 Scorch                   Fire           0%         2d5       86%         2
 Flame Wave               Conj/Fire      0%         2d4       100%        4
 Summon Cactus Giant      Summ           0%         N/A       100%        6


Dungeon Overview and Level Annotations

Branches:
Dungeon (3/15)

Altars:
Gozag
Hepliaklqana
Okawaru
Sif Muna


Innate Abilities, Weirdness & Mutations

You have a pair of small antennae on your head.
You regenerate magic rapidly.


Message History

The goblin hits you with a +0 club.
You feel sick. The adder bites you but does no damage.
The scorpion completely misses you. The goblin hits you but does no damage.
You block the adder's attack.
You feel sick. The scorpion closely misses you. You block the goblin's attack.
You block the adder's attack.
You feel sick.
The scorpion stings you but does no damage.
The adder completely misses you. The goblin hits you but does no damage.
You feel sick.
You are no longer poisoned.
The scorpion stings you but does no damage.
The adder closely misses you. The goblin hits you but does no damage.
The scorpion closely misses you. You block the adder's attack.
The scorpion stings you but does no damage.
The goblin hits you but does no damage. The adder bites you but does no damage.
The scorpion stings you but does no damage.
The adder barely misses you. The goblin hits you with a +0 club.
The adder closely misses you. The scorpion stings you.
You block the goblin's attack. The adder bites you but does no damage.
The scorpion stings you. The goblin hits you with a +0 club.
* * * LOW HITPOINT WARNING * * *
The adder barely misses you. The scorpion stings you.
* * * LOW HITPOINT WARNING * * *
You are lethally poisoned!
The scorpion poisons you! You block the adder's attack.
The goblin barely misses you.
The scorpion stings you but does no damage.
* * * LOW HITPOINT WARNING * * *
You feel very sick. You block the adder's attack.
The scorpion closely misses you. The goblin barely misses you.
* * * LOW HITPOINT WARNING * * *
You feel sick. The adder bites you.
* * * LOW HITPOINT WARNING * * *
The scorpion stings you.
You die...

#..........†
#...........
#...........
#...........
#...........
#######.####
#############.####
##.................
#.@###########.####
#...Sgs.....# #.#
#...........# #.#
..............# #.#
###........?..# #.#
#...........# #.#
............# #.#
##...........# #.#
#.#


You could see a scorpion, an adder and a goblin.

Vanquished Creatures
  3 gnolls (D:2)
  3 adders
  A dart slug (D:1)
  An orc (D:3)
  13 ball pythons
  7 endoplasms
  4 giant cockroaches
  5 goblins
  3 hobgoblins
  7 jackals (D:1)
  4 quokkas
  6 bats
  5 kobolds
  6 rats
68 creatures vanquished.

Notes
Turn   | Place    | Note
-------+----------+-------------------------------------------
     0 | D:1      | lonewolfV2 the Demonspawn Fighter began the quest for the
                  | Orb.
     0 | D:1      | Reached XP level 1. HP: 18/18 MP: 1/1
    76 | D:1      | Reached skill level 1 in Dodging
   104 | D:1      | Gained mutation: You regenerate magic rapidly. [demonic
                  | ancestry]
   104 | D:1      | Reached XP level 2. HP: 24/24 MP: 2/2
   383 | D:1      | Reached XP level 3. HP: 26/29 MP: 3/3
   916 | D:2      | Discovered your monstrous ancestry.
   916 | D:2      | Gained mutation: You have a pair of small antennae on your
                  | head. [demonic ancestry]
   916 | D:2      | Reached XP level 4. HP: 30/35 MP: 4/4
  1214 | D:3      | Found a hazy altar of Hepliaklqana.
  1214 | D:3      | Found an iron altar of Okawaru.
  1224 | D:3      | Found a faded altar of an unknown god.
  1229 | D:3      | Found an opulent altar of Gozag.
  1231 | D:3      | Found a shimmering blue altar of Sif Muna.
  1621 | D:3      | Noticed a scorpion
  1643 | D:3      | HP: 1/35 [adder (2)]
  1643 | D:3      | Slain by a scorpion

Illustrated notes

Levels and vault maps discovered:
D:1:      lemuel_arrival_broad_hall, layout_rooms
D:2:      layout_rooms, grunt_ministairs_7
D:3:      layout_basic, chequers_temple_overflow_minitemple,
          hellmonk_ecumenical_altar_blasted

Skill      XL: |  1  2  3  4 |
---------------+-------------+-----
Dodging        | 1 2 3 |  3.3
Armour         | 3 |  3.6
Fighting       | |  3.0
Axes           | |  1.7
Shields        | |  2.6

Action                     |  1- 3 |  4- 6 || total
---------------------------+-------+-------++-------
  Melee: War axe           |   123 |    39 ||   162
    Use: Scroll            |       |     6 ||     6
 Armour: Scale mail        |    78 |    43 ||   121
  Dodge: Dodged            |    87 |    54 ||   141
  Block: Buckler           |    35 |    17 ||    52
